 Dungeon Crawl Stone Soup version 0.17.2-1-ge4368a0 (webtiles) character file.

22 Goblin1989 the Ruffian (level 2, -3/23 HPs)
             Began as a Draconian Transmuter on Aug 7, 2018.
             Slain by a hobgoblin (4 damage)
             ... on level 1 of the Dungeon.
             The game lasted 00:04:12 (756 turns).

Goblin1989 the Ruffian (Draconian Transmuter)        Turns: 756, Time: 00:04:12

Health: -3/23      AC:  4    Str: 12    XL:     2   Next: 68%
Magic:  2/5        EV: 12    Int: 13    God:
Gold:   37         SH:  0    Dex: 11    Spells: 1 memorised, 4 levels left

rFire  . . .     SeeInvis .       - Unarmed
rCold  . . .     Clarity  .     (armour unavailable)
rNeg   . . .     SustAt   .     (no shield)
rPois  .         Gourm    .     (helmet restricted)
rElec  .         Spirit   .     (no cloak)
rCorr  .         Warding  .     (no gloves)
rMut   .         Stasis   .     (no boots)
MR     .....                    (no amulet)
Stlth  +.........               (no ring)
                                (no ring)

@: not resistant to hostile enchantments, very unstealthy
A: unfitting armour, cold-blooded, AC +4
a: no special abilities


You were on level 1 of the Dungeon.
You were not hungry.

You visited 1 branch of the dungeon, and saw 1 of its levels.

You collected 37 gold pieces.

Inventory:

Missiles
 a - 12 arrows
Scrolls
 c - a scroll of noise {unknown}
 d - 3 scrolls of identify {unknown}
 h - 3 scrolls of fog {unknown}
 i - a scroll of recharging {unknown}
Books
 b - a book of Changes

   Spells                             Type                      Level
   a - Beastly Appendage              Transmutation                1
   b - Sticks to Snakes               Transmutation                2
   c - Spider Form                    Transmutation/Poison         3
   d - Ice Form                       Ice/Transmutation            4
   e - Blade Hands                    Transmutation                5
Comestibles
 e - 2 bread rations {@e1}
 f - a royal jelly
 g - a meat ration {@e2}


   Skills:
 - Level 1.1 Fighting
 - Level 1.7 Dodging
 + Level 3.9 Unarmed Combat
 - Level 2.0 Spellcasting
 - Level 2.2 Transmutations


You had 4 spell levels left.
You knew the following spells:

 Your Spells              Type           Power        Failure   Level  Hunger
a - Beastly Appendage     Trmt           #.....       12%         1    ##.....


Dungeon Overview and Level Annotations

Branches:
Dungeon (1/15)

Altars:


Innate Abilities, Weirdness & Mutations

Your plain brown scales are hard (AC +4).
Your body does not fit into most forms of armour.
You are cold-blooded and may be slowed by cold attacks.


Message History

2 kobolds come into view.
There are monsters nearby!
The kobold shouts!
A hobgoblin comes into view.
The kobold shouts!
You start resting.
HP restored.
Health restored: 23 You barely miss the kobold.
You closely miss the kobold. The kobold closely misses you.
You barely miss the kobold. The kobold misses you. The kobold hits you.
You take 1 damage, and have 22/23 hp.
You hit the kobold.
You kill the kobold!
The kobold hits you but does no damage.
You barely miss the kobold. You closely miss the kobold.
The kobold hits you but does no damage. The kobold hits you with a short sword.
You take 3 damage, and have 19/23 hp.
You barely miss the kobold. The kobold barely misses you.
The kobold barely misses you.
You hit the kobold.
The kobold is almost dead.
You barely miss the kobold.
The kobold is almost dead.
The kobold barely misses you. x2
You completely miss the kobold.
You tail-slap the kobold, but do no damage.
The kobold is almost dead.
The kobold barely misses you. The kobold hits you with a short sword.
You take 2 damage, and have 17/23 hp.
You closely miss the kobold.
The kobold is almost dead.
The kobold hits you with a short sword. x2
You barely miss the kobold.
The kobold is almost dead.
The kobold barely misses you. The kobold closely misses you.
You take 3 damage, and have 14/23 hp.
You barely miss the kobold.
The kobold is almost dead.
The kobold hits you with a short sword.
* * * LOW HITPOINT WARNING * * *
The kobold hits you with a short sword.
* * * LOW HITPOINT WARNING * * *
You are too injured to fight recklessly!
You are too injured to fight recklessly!
You take 8 damage, and have 6/23 hp.
O_OOPS!!
MASSIVE DAMAGE!!
You are too injured to fight recklessly!
You are too injured to fight recklessly!
You are too injured to fight recklessly!
You are too injured to fight recklessly!
You are too injured to fight recklessly!
You are too injured to fight recklessly!
You are too injured to fight recklessly!
You are too injured to fight recklessly!
You are too injured to fight recklessly!
You are too injured to fight recklessly!
You are too injured to fight recklessly!
You are too injured to fight recklessly!
You are too injured to fight recklessly!
You are too injured to fight recklessly!
You are too injured to fight recklessly!
You are too injured to fight recklessly!
You are too injured to fight recklessly!
Number of times to repeat, then command key: You must enter the number of times for the command to repeat.
Unknown command.
You punch the kobold!
You kill the kobold!
You hit the kobold.
Your tail-slap misses the kobold.
The kobold is severely wounded.
The kobold closely misses you.
You closely miss the kobold.
The kobold is severely wounded.
The kobold hits you with a short sword.
* * * LOW HITPOINT WARNING * * *
You take 1 damage, and have 6/23 hp.
You closely miss the kobold.
Your tail-slap misses the kobold.
The kobold is severely wounded.
You hit the kobold.
You kill the kobold!
Things that are here:
a short sword x2 a kobold corpse You see here a kobold corpse.
You start resting.
A hobgoblin is nearby!
A hobgoblin is nearby!
A hobgoblin is nearby!
You are too injured to fight recklessly!
A goblin comes into view. It is wielding an antimagic mace.
The hobgoblin shouts!
You barely miss the goblin. The goblin hits you but does no damage.
You closely miss the goblin.
The goblin hits you with an antimagic mace.
* * * LOW HITPOINT WARNING * * *
You feel your power leaking away.
You take 6 damage, and have 1/23 hp.
O_OOPS!!
MASSIVE DAMAGE!!
You now have 2/5 mp.
You closely miss the goblin. The hobgoblin hits you.
You die...

█........>.......(....█
█.........███.........█
█...).....█████████...██
██.█.█.██.......)..(....
█.█)█....██████████..██
█.█.█████████ ██.██
███████.█.........█ █...
█.......███.......█
███.██
██.██████†..@g....█
█..†.. █.█ █)█.g(....█
█.██.█ █.█ █.█.........
█..... █.█ █.█.........
█..... █)█ █.█.........
█.....
█.██████.████......
█..... █........█ ......
█.....


██████████ ...... █.████ .... █.████ You could see a hobgoblin and a goblin.

Vanquished Creatures
  3 giant cockroaches (D:1)
  6 hobgoblins (D:1)
  2 jackals (D:1)
  5 kobolds (D:1)
  A bat (D:1)
  2 rats (D:1)
19 creatures vanquished.

Notes
Turn   | Place    | Note
--------------------------------------------------------------
     0 | D:1      | Goblin1989 the Draconian Transmuter began the quest for the Orb.
     0 | D:1      | Reached XP level 1. HP: 16/16 MP: 3/3
   397 | D:1      | Reached XP level 2. HP: 20/23 MP: 5/5
   755 | D:1      | HP: 1/23 [goblin/antimagic mace (6)]
   756 | D:1      | Slain by a hobgoblin

Action                   || total
-------------------------++-------
Melee: Unarmed           ||   103

Vault maps used:
D:1:      lightli_arrival_maybe_door_vault
